cohdb
Replays
Latest Replays
All Replays
Popular Replays
Top Player Replays
Match Explorer
How It Works
Community
CoH3 Stats
Reddit
Sign in to upload your games and track your stats! →
Sign in with Steam
Match 42389063
Unlisted
Match 42389063
Overview
Messages
Build Orders
End
Panzergrenadier Squad
Selects Armored Support Battlegroup
Selects Armored Support Battlegroup
250 Light Carrier
Panzergrenadier Squad
Construct Light Support Kompanie
Combat Half-tracks
Fire Support Elements
Flakvierling Half-track
Pak 38 Mechanized Group
2.5-tonne Medical Truck
2.5-tonne Medical Truck
Selects Salvage Kits
Selects Superior Fire Drills
Construct Panzerarmee Kommand
Walking Stuka Rocket Launcher
Selects Panzer Storm
Armored Reserves
Emergency Repair Kits
MG34 Team
Tiger Heavy Tank
Selects Stuka Dive Bomb
Reactive
那谁_
Abazur
BertsArmy
Junkz
Kylen
0
0
Comments
sign in to comment!
No comments posted yet!